 Dungeon Crawl Stone Soup version 0.32-a0-42-ga30500b4d3 (webtiles) character file.

Game seed: 9375394095109335273

35 senseless the Vexing (level 3, 0/30 HPs)
             Began as a Deep Elf Hexslinger on Jan 29, 2024.
             Succumbed to an adder's poison
             ... on level 2 of the Dungeon.
             The game lasted 00:03:10 (694 turns).

senseless the Vexing (Deep Elf Hexslinger)           Turns: 694, Time: 00:03:11

Health: 0/30       AC: 21    Str:  5    XL:     3   Next: 16%
Magic:  6/8        EV:  2    Int: 17    God:
Gold:   74         SH:  0    Dex: 19    Spells: 1/6 levels left

rFire   . . .        a - +1 sling
rCold   . . .        (no shield)
rNeg    . . .        c - melded +0 robe
rPois   +            (helmet currently unavailable)
rElec   .            (cloak currently unavailable)
rCorr   .            (gloves currently unavailable)
SInv    .            (boots currently unavailable)
Will    .....        (no amulet)
Stlth   ++           m - ring of wizardry
HPRegen 0.25/turn    (no ring)
MPRegen 0.11/turn

%: wizardry (x1)
@: lethally poisoned (0 -> -7), tree-form
A: stationary, stasis, torment immunity, boosted hp
a: no special abilities


You were on level 2 of the Dungeon.
You were a tree.
You visited 1 branch of the dungeon, and saw 2 of its levels.

You collected 74 gold pieces.

Inventory:

Hand Weapons
 a - a +1 sling (weapon)
Armour
 c - a +0 robe (melded)
Jewellery
 m - a ring of wizardry (left branch)
Scrolls
 b - a scroll of poison
 e - a scroll of acquirement {unknown}
 f - a scroll of fog {unknown}
 g - a scroll of summoning {unknown}
 h - a scroll of teleportation {unknown}
 i - a scroll of immolation {unknown}
 j - a scroll of enchant armour {unknown}
 l - a scroll of identify {unknown}
Potions
 d - a potion of lignification
 k - a potion of enlightenment {unknown}


   Skills:
 + Level 1.1 Fighting
 + Level 3.2 Ranged Weapons
 + Level 2.9 Dodging
 + Level 2.1 Spellcasting
 + Level 4.3 Hexes
 + Level 1.5 Fire Magic


You had one spell level left.
You knew the following spells:

 Your Spells              Type           Power      Damage    Failure   Level
a - Jinxbite              Hex            32%        N/A       1%          2
b - Inner Flame           Hex/Fire       11%        N/A       7%          3

Your spell library contained the following spells:

 Spells                   Type           Power      Damage    Failure   Level
 Sigil of Binding         Hex            16%        N/A       4%          3
 Cause Fear               Hex            8%         N/A       13%         4
 Dimensional Bullseye     Hex/Tloc       4%         N/A       30%         4


Dungeon Overview and Level Annotations

Branches:
Dungeon (2/15)

Altars:


Message History

An adder comes into view.
You shoot a sling bullet. The sling bullet hits the adder.
The adder is lightly wounded.
You shoot a sling bullet. The sling bullet misses the adder.
You shoot a sling bullet. The sling bullet hits the adder.
The adder is moderately wounded.
You shoot a sling bullet.
The sling bullet barely misses the adder.
You shoot a sling bullet.
The sling bullet barely misses the adder.
The adder bites you.
You are poisoned.
The adder poisons you! The adder bites you.
You shoot a sling bullet. The sling bullet hits the adder.
The adder is severely wounded.
You feel sick. The adder barely misses you.
You shoot a sling bullet.
The sling bullet hits the adder but does no damage.
The adder is severely wounded.
You feel sick. The adder completely misses you. The adder barely misses you.
You shoot a sling bullet.
The sling bullet completely misses the adder.
You feel sick. The adder misses you. The adder bites you.
You are more poisoned.
The adder poisons you!
You are too injured to fight recklessly!
You shoot a sling bullet. The sling bullet hits the adder.
The adder is severely wounded.
You feel sick. The adder bites you.
* * * LOW HITPOINT WARNING * * *
You are lethally poisoned!
The adder poisons you!
You shoot a sling bullet. The sling bullet misses the adder.
* * * LOW HITPOINT WARNING * * *
You feel very sick. The adder barely misses you. The adder bites you.
* * * LOW HITPOINT WARNING * * *
It was a potion of lignification.
You turn into a tree.
Your +0 robe melds into your body.
Your roots penetrate the ground.
You die...

### ###### ..# #....#
#.# #....# #°# #.>..#
#.# #<...# . #.#####.#
#.##....# ..
........#### #.##....#
..
#......♣...####.##....#
..
####...S......#.##....#
.# #..........#.##....#
.# #..........#.##....#
.#
............#.##....#
.#
...............##....#
..
..............####....#
##
..............'.......#
# ...........##........


You could see an adder.

Vanquished Creatures
  A dart slug (D:1)
  4 bats (D:1)
  2 endoplasms (D:1)
  4 giant cockroaches (D:1)
  2 goblins (D:1)
  3 hobgoblins (D:1)
  2 quokkas
  5 ball pythons
  A frilled lizard (D:2)
  2 kobolds (D:1)
  3 rats (D:1)
29 creatures vanquished.

Notes
Turn   | Place    | Note
-------+----------+-------------------------------------------
     0 | D:1      | senseless the Deep Elf Hexslinger began the quest for the
                  | Orb.
     0 | D:1      | Reached XP level 1. HP: 11/11 MP: 5/5
    57 | D:1      | Reached XP level 2. HP: 16/16 MP: 6/6
    96 | D:1      | Reached skill level 1 in Fighting
   436 | D:1      | Reached XP level 3. HP: 20/20 MP: 8/8
   666 | D:2      | Learned a level 2 spell: Jinxbite
   670 | D:2      | Learned a level 3 spell: Inner Flame
   693 | D:2      | HP: 1/20 [adder (2)]
   694 | D:2      | Succumbed to an adder's poison

Illustrated notes

Levels and vault maps discovered:
D:1:      lightli_arrival_maybe_door_vault, layout_rooms, minmay_octomino_c4
D:2:      layout_basic, basic_altar,
          dreamdust_ecumenical_altar_hidden_monk_grotto

Skill      XL: |  1  2 |
---------------+-------+-----
Ranged Weapons | 3 |  3.2
Fighting       | 1 |  1.1
Spellcasting   | 2 |  2.1
Dodging        | |  2.9
Hexes          | |  4.3
Fire Magic     | |  1.5

Action                     || total
---------------------------++-------
   Fire: Sling             ||    82
   Cast: Inner Flame       ||     1
    Use: Potion            ||     1
 Armour: Robe              ||    25
  Dodge: Dodged            ||    36

Table legend: (Time is in decaauts)
 A = Elapsed time spent in this place.
 B = Non-inter-level travel time spent in this place.
 C = Inter-level travel time spent in this place.
 D = Time resting spent in this place.
 E = Time spent auto-exploring this place.
 F = Levels seen in this place.
 G = Mean time per level.
                   A        B        C        D        E       F      G
               +--------+--------+--------+--------+--------+-----+--------+
         Total |    713 |    684 |     29 |      0 |    527 |   2 |  356.5 |
       Dungeon |    713 |    684 |     29 |      0 |    527 |   2 |  356.5 |
               +--------+--------+--------+--------+--------+-----+--------+

Top non-repeatable levels by time:
     D:1: 646 daAuts
     D:2: 67 daAuts
